 Dungeon Crawl Stone Soup version 0.25.1-2-g60ff931df9 (webtiles) character file.

Game seed: 5639484129817836889

267 Cazemata the Slasher (level 6, 0/52 HPs)
             Began as a Minotaur Berserker on Oct 19, 2020.
             Was a Believer of Trog.
             Slain by a gnoll
             ... wielding a +0 halberd
              (13 damage)
             ... on level 4 of the Dungeon.
             The game lasted 00:15:16 (2489 turns).

Cazemata the Slasher (Minotaur Berserker)           Turns: 2489, Time: 00:15:16

Health: 0/52       AC: 21    Str: 23    XL:     6   Next: 0%
Magic:  5/5        EV:  8    Int:  4    God:    Trog [**....]
Gold:   157        SH:  0    Dex: 10    Spells: 5/5 levels left

rFire    . . .     SeeInvis .   m - +1 flail (protect)
rCold    + . .     Gourm    .   (no shield)
rNeg     . . .     Faith    .   n - +4 chain mail {rC+}
rPois    .         Spirit   .   (helmet restricted)
rElec    .         Reflect  .   (no cloak)
rCorr    +         Harm     .   o - +0 pair of gloves
MR       .....                  (no boots)
Stlth    ..........             (no amulet)
HPRegen  0.17/turn              u - ring of stealth
MPRegen  0.09/turn              a - ring of resist corrosion

@: protection aura, berserk cooldown, slowed, very slow
A: retaliatory headbutt, horns 2
a: Berserk, Trog's Hand, Renounce Religion


You were on level 4 of the Dungeon.
You worshipped Trog.
Trog was pleased with you.
You were not hungry.

You visited 1 branch of the dungeon, and saw 4 of its levels.

You collected 157 gold pieces.

Inventory:

Hand Weapons
 k - a +0 hand axe of flaming
 m - a +1 flail of protection (weapon)
Missiles
 d - 2 javelins
 h - a throwing net (quivered)
 p - 8 curare-tipped darts
Armour
 n - a +4 chain mail of cold resistance (worn)
 o - a +0 pair of gloves (worn)
Jewellery
 a - a ring of resist corrosion (right hand)
 u - a ring of stealth (left hand)
Wands
 v - a wand of digging (2)
Scrolls
 g - 2 scrolls of identify
 i - a scroll of blinking {unknown}
 j - 2 scrolls of remove curse
 r - 2 scrolls of magic mapping
 t - a scroll of teleportation {unknown}
 x - a scroll of enchant armour
Potions
 b - a potion of resistance {unknown}
 e - a potion of berserk rage
 f - a potion of cancellation {unknown}
 l - a potion of haste {unknown}
 q - a potion of curing {unknown}
 s - a potion of flight {unknown}
 w - a potion of invisibility {unknown}
 z - a potion of brilliance {unknown}
Comestibles
 c - 7 rations


   Skills:
 - Level 3.7 Fighting
   Level 5.7 Long Blades
 + Level 5.2 Maces & Flails
 + Level 0.6 Throwing
 - Level 2.4 Armour
 - Level 2.2 Dodging


You had 5 spell levels left.
You didn't know any spells.
Your spell library was empty.

Dungeon Overview and Level Annotations

Branches:
Dungeon (4/15)
 Temple: D:4-7

Altars:
The Shining One


Innate Abilities, Weirdness & Mutations

You reflexively headbutt those who attack you in melee.
You have a pair of horns on your head.


Message History

The gnoll hits you but does no damage. x2; The gnoll barely misses you.
You closely miss the gnoll. Your headbutt misses the gnoll.
The gnoll is severely wounded.
The gnoll hits you with a +0 flail.
The gnoll hits you but does no damage. x2
The gnoll closely misses you. You furiously retaliate!
You headbutt the gnoll.
You kill the gnoll!
Trog accepts your kill.
You have reached level 6!
Your experience leads to an increase in your attributes!
Increase (S)trength, (I)ntelligence, or (D)exterity?
You feel stronger. The gnoll barely misses you.
The gnoll hits you from afar with a +0 halberd.
The gnoll hits you with a +0 halberd! The gnoll hits you with a +0 halberd.
* * * LOW HITPOINT WARNING * * *
You sock the gnoll!
Your weapon exudes an aura of protection.
The gnoll is almost dead.
The gnoll hits you with a +0 halberd!
You die...

## ############
...#######..........#
........##..........##
......g..#...........###
......g@................
.......).)..............
........##..............
...##....#..............
.. ..........##.........
.............#####......
##.....................
......#.....#####...###
...... ..............


You could see 2 gnolls.

Vanquished Creatures
  Ijyb (D:3)
  Terence (D:2)
  Jessica (D:2)
  A worker ant (D:4)
  5 gnolls
  2 adders
  3 oozes
  A worm (D:4)
  3 dart slugs
  2 leopard geckos
  4 orcs (D:3)
  4 ball pythons
  5 giant cockroaches
  7 goblins
  7 hobgoblins
  6 jackals (D:2)
  3 kobolds
  A quokka (D:3)
  6 bats
  5 frilled lizards
  3 rats
71 creatures vanquished.

Notes
Turn   | Place    | Note
-------+----------+-------------------------------------------
     0 | D:1      | Cazemata the Minotaur Berserker began the quest for the
                  | Orb.
     0 | D:1      | Reached XP level 1. HP: 19/19 MP: 0/0
   156 | D:1      | Reached XP level 2. HP: 27/27 MP: 1/1
   751 | D:1      | Reached XP level 3. HP: 31/33 MP: 2/2
   811 | D:1      | Reached skill level 5 in Long Blades
   915 | D:2      | Reached ** piety under Trog
   954 | D:2      | Noticed Terence
   968 | D:2      | Killed Terence
  1043 | D:2      | Reached XP level 4. HP: 38/40 MP: 3/3
  1090 | D:2      | Reached skill level 1 in Maces & Flails
  1161 | D:2      | Noticed Jessica
  1165 | D:2      | Killed Jessica
  1222 | D:2      | Reached XP level 5. HP: 46/46 MP: 4/4
  1291 | D:2      | Found a glowing golden altar of the Shining One.
  1882 | D:3      | Noticed Ijyb
  1892 | D:3      | Killed Ijyb
  2411 | D:4      | Reached skill level 5 in Maces & Flails
  2487 | D:4      | Reached XP level 6. HP: 26/52 MP: 5/5
  2489 | D:4      | Slain by a gnoll

Illustrated notes

Levels and vault maps discovered:
D:1:      minmay_arrival_solitary_statue, layout_loops_ring,
          minmay_misc_feat_four_crosses, corexii_item_surrounded_by_moat,
          minmay_split_cup_large
D:2:      layout_loops_ring, tso_altar, uniq_jessica, uniq_terence
D:3:      layout_loops_ring, uniq_ijyb
D:4:      layout_basic

Skill      XL: |  1  2  3  4  5 |
---------------+----------------+-----
Long Blades    | 4 5 |  5.7
Maces & Flails | 3 5 |  5.2
Fighting       | |  3.7
Throwing       | |  0.6
Armour         | |  2.4
Dodging        | |  2.2

Action                   |  1- 3 |  4- 6 || total
-------------------------+-------+-------++-------
Melee: Falchion          |    66 |       ||    66
       Headbutt          |     8 |    11 ||    19
       Flail             |     9 |    90 ||    99
Throw: Throwing net      |       |     3 ||     3
Invok: Berserk           |     1 |     1 ||     2
  Use: Scroll            |     3 |     7 ||    10
 Stab: Sleeping          |     1 |       ||     1
  Eat: Chunk             |     1 |     3 ||     4
       Ration            |       |     1 ||     1
Armor: Animal skin       |     8 |       ||     8
       Chain mail        |     7 |    53 ||    60
Dodge: Dodged            |    42 |    54 ||    96
       Rpst.: Falchion   |    10 |       ||    10
